 Dungeon Crawl Stone Soup version 0.24.0-13-gcf9b3192b9 (webtiles) character file.

Game seed: 826930545893580357, levelgen mode: classic

64 EnegeticOcto the Covered (level 4, -1/29 HPs)
             Began as a Gargoyle Fighter on Nov 5, 2019.
             Killed from afar by Sigmund (9 damage)
             ... with a magic dart
             ... on level 2 of the Dungeon.
             The game lasted 00:01:12 (1661 turns).

EnegeticOcto the Covered (Gargoyle Fighter)         Turns: 1661, Time: 00:01:12

Health: -1/29      AC:  8    Str: 20    XL:     4   Next: 12%
Magic:  4/4        EV:  7    Int:  9    God:
Gold:   56         SH:  9    Dex:  9    Spells: 3/3 levels left

rFire    . . .     SeeInvis .   a - +1 war axe
rCold    . . .     Gourm    .   c - +0 shield
rNeg     + . .     Faith    .   b - +0 scale mail
rPois    ∞         Spirit   .   (no helmet)
rElec    +         Reflect  .   (no cloak)
rCorr    .         Harm     .   (no gloves)
MR       .....                  (no boots)
Stlth    ..........             (no amulet)
HPRegen  0.09/turn              f - -2 ring of protection (curse)
MPRegen  0.09/turn              j - ring of flight

@: no status effects
A: negative energy resistance 1, electricity resistance, unbreathing,
petrification resistance, rot immunity, AC +3
a: Evoke Flight


You were on level 2 of the Dungeon.
You were not hungry.

You visited 1 branch of the dungeon, and saw 2 of its levels.

You collected 56 gold pieces.

Inventory:

Hand Weapons
 a - a +1 war axe (weapon)
Armour
 b - a +0 scale mail (worn)
 c - a +0 shield (worn)
Jewellery
 f - a cursed -2 ring of protection (left hand)
 i - an uncursed ring of wizardry {unknown}
 j - a ring of flight (right hand)
Scrolls
 h - 5 scrolls of identify {@r1}
 m - a scroll of remove curse {unknown}
Potions
 d - a potion of might {@q3 !q}
 k - a potion of berserk rage
 l - a potion of agility {@q5 !q}
Comestibles
 e - 4 rations
 g - 5 chunks of flesh


   Skills:
 + Level 3.7 Fighting
 * Level 2.7 Axes
 + Level 3.8 Armour
 + Level 3.8 Shields


You had 3 spell levels left.
You didn't know any spells.
Your spell library was empty.

Dungeon Overview and Level Annotations

Branches:
Dungeon (2/15)

Altars:
Dithmenos
Nemelex Xobeh
Sif Muna

Annotations:
D:2 Sigmund


Innate Abilities, Weirdness & Mutations

You are resistant to torment.
Your stone body is resilient. (AC +3)
You are immune to poison.
You resist negative energy. (rN+)
You are resistant to electric shocks. (rElec)
You can survive without breathing.
You are immune to petrification.
You are immune to rotting.


Message History

The worm is heavily wounded.
You block the worm's attack.
You slash the worm!
The worm is almost dead.
You slash the worm!
You kill the worm!
No target in view!
No target in view!
No target in view!
No target in view!
No target in view!
Some of the chunks of flesh in your inventory have rotted away.
You butcher the worm corpse.
g - 5 chunks of flesh (gained 2)
You open the door.
Found a shimmering blue altar of Sif Muna.
A bat comes into view.
A bat is nearby!
A bat is nearby!
The bat hits you but does no damage. You block the bat's attack.
A hobgoblin comes into view. It is wielding a +0 club.
The hobgoblin shouts!
The bat hits you but does no damage.
You closely miss the bat.
You are feeling hungry.
The bat barely misses you. You block the bat's attack.
You barely miss the bat. You block the bat's attack.
The bat hits you but does no damage. x2
The bat completely misses you. You block the bat's attack.
You slash the bat!
You kill the bat!
Your shield and scale mail prevent you from hitting the hobgoblin.
The hobgoblin hits you but does no damage.
The hobgoblin completely misses you.
A hobgoblin is nearby!
A hobgoblin is nearby!
You hit the hobgoblin.
The hobgoblin is severely wounded.
You block the hobgoblin's attack.
You hit the hobgoblin.
You kill the hobgoblin!
No target in view!
No target in view!
No target in view!
Eating one of 5 chunks of flesh.
You eat one of the 5 chunks of flesh.
This raw flesh tastes terrible.
Things that are here:
a +0 club; a hobgoblin corpse You butcher the hobgoblin corpse.
g - 6 chunks of flesh (gained 2)
Things that are here:
a +0 club; a hobgoblin skeleton
Things that are here:
a +0 club; a hobgoblin skeleton A goblin comes into view.
It is wielding a +0 club.
The goblin shouts!
A goblin is nearby!
A goblin is nearby!
The goblin closely misses you.
You closely miss the goblin. The goblin barely misses you.
The goblin hits you but does no damage.
You closely miss the goblin. The goblin hits you but does no damage.
You slash the goblin!
You kill the goblin!
Some of the chunks of flesh in your inventory have rotted away.
No target in view!
Sigmund the Dreaded comes into view.
He is wielding a +0 scythe.
Sigmund says, "Don't worry, I'll kill you fast."
You block Sigmund's attack.
You barely miss Sigmund. Sigmund casts a spell at you.
The puff of flame hits you.
You slash Sigmund!
Sigmund is heavily wounded.
Sigmund barely misses you.
You hit Sigmund.
Sigmund is severely wounded.
You block Sigmund's attack.
You closely miss Sigmund.
Sigmund is severely wounded.
Sigmund hits you with a +0 scythe!
Your shield prevents you from hitting Sigmund.
Sigmund is severely wounded.
Sigmund hits you with a +0 scythe.
You are too injured to fight recklessly!
You are too injured to fight recklessly!
You are too injured to fight recklessly!
You are too injured to fight recklessly!
You are too injured to fight recklessly!
You hit Sigmund.
Sigmund is severely wounded.
Sigmund casts a spell at you. The magic dart hits you.
* * * LOW HITPOINT WARNING * * *
You closely miss Sigmund.
Sigmund is severely wounded.
Sigmund points at you and mumbles some strange words.
The magic dart hits you!
You die...

#...............+............##.
#...........#####...########.##.
#...........# ##### #.###
#...........# #.# #...........#
#.# #...........# ###########
#)# .........# #.........####.#
##..............###
#.@................
#@.#######......### ......
#......# ...##++## #......# ...
#....).# .. #......# . #......#
#......# #......#


You could see Sigmund.

Vanquished Creatures
  An adder (D:2)
  A worm (D:2)
  8 bats
  5 giant cockroaches
  5 goblins
  9 hobgoblins
  4 jackals (D:1)
  2 ball pythons
  2 frilled lizards (D:1)
  3 kobolds
  7 rats
47 creatures vanquished.

Notes
Turn   | Place    | Note
-------+----------+-------------------------------------------
     0 | D:1      | EnegeticOcto the Gargoyle Fighter began the quest for the
                  | Orb.
     0 | D:1      | Reached XP level 1. HP: 14/14 MP: 1/1
   172 | D:1      | Reached XP level 2. HP: 17/19 MP: 2/2
   597 | D:1      | Reached XP level 3. HP: 23/23 MP: 3/3
  1145 | D:2      | Found a sparkling altar of Nemelex Xobeh.
  1466 | D:2      | Found a shadowy altar of Dithmenos.
  1471 | D:2      | Reached XP level 4. HP: 25/29 MP: 4/4
  1559 | D:2      | Found a shimmering blue altar of Sif Muna.
  1651 | D:2      | Noticed Sigmund
  1661 | D:2      | Killed from afar by Sigmund

Levels and vault maps discovered:
D:1:      nicolae_arrival_washed_ashore, layout_basic, minmay_tetromino_i2
D:2:      cheibrodos_old_hovel, layout_basic, nemelex_xobeh_ov_fountains_minmay,
          grunt_dithmenos_smoke_and_mirrors, lemuel_blue_sif_altar, uniq_sigmund

Skill      XL: |  1 |
---------------+----+-----
Axes           | 2 |  2.7
Fighting       | |  3.7
Armour         | |  3.8
Shields        | |  3.8

Action                   |  1- 3 |  4- 6 || total
-------------------------+-------+-------++-------
Melee: War axe           |   117 |    19 ||   136
  Use: Scroll            |     3 |       ||     3
  Eat: Chunk             |     2 |     1 ||     3
Armor: Scale mail        |    75 |     6 ||    81
Dodge: Dodged            |    52 |     6 ||    58
Block: Shield            |    74 |     8 ||    82
